Map: Ever Dream LE

Players

Michiru

  • Race: Protoss Protoss
  • League: Platinum

Ciggy - Winner!

  • Race: Zerg Zerg
  • League: Diamond

VOD

Have the link to the VOD?

Description

Time

  • Played on: July 27, 2020, 4:48 p.m.
  • Length: 20:49
Show
View Real Time Build Order
Export as new Build Order

Michiru Protoss 

Build Orders: 1 Gate Expand, Oracle Opening, Carriers, Zealot Archon 

Get SALT Encoding   

  12  0:00  Probe  
  13  0:13  Pylon  
  13  0:18  Probe (Chrono Boost)  
  15  0:30  Probe (Chrono Boost)  
  15  0:35  Probe (Chrono Boost)  
  15  0:40  Gateway  
  16  0:44  Probe  
  17  0:54  Assimilator  
  17  0:56  Probe  
  18  1:08  Probe  
  19  1:17  Pylon  
  19  1:20  Probe  
  20  1:33  Nexus  
  20  1:45  Cybernetics Core  
  20  1:48  Probe  
  21  2:00  Assimilator, Probe  
  22  2:13  Probe  
  23  2:22  Stargate  
  23  2:25  Probe  
  26  2:37  Warp Gate (Chrono Boost), Probe  
  26  2:39  Adept (Chrono Boost)  
  27  2:46  Probe  
  27  2:49  Probe  
  29  2:58  Probe  
  29  3:01  Probe  
  29  3:02  Gateway  
  30  3:06  Adept (Chrono Boost)  
  30  3:10  Pylon, Probe  
  33  3:13  Probe, Oracle (Chrono Boost)  
  37  3:22  Probe  
  37  3:25  Probe  
  37  3:34  Pylon, Probe  
  37  3:37  Probe  
  37  3:40  Stalker  
  41  3:46  Probe  
  42  3:49  Probe, Adept  
  42  3:54  Twilight Council  
  45  3:58  Probe  
  45  4:01  Probe  
  45  4:02  Assimilator  
  47  4:11  Probe  
  47  4:14  Probe  
  49  4:24  Adept  
  51  4:31  Adept  
  51  4:48  Adept  
  51  4:51  Resonating Glaives (Chrono Boost), Probe x2  
  55  4:55  Assimilator  
  55  4:59  Gateway  
  55  5:01  Gateway  
  55  5:03  Gateway, Probe x2  
  55  5:06  Dark Shrine  
  57  5:15  Nexus  
  57  5:18  Pylon  
  53  5:24  Adept  
  53  5:25  Adept  
  57  5:35  Oracle (Chrono Boost)  
  55  5:40  Probe x2  
  58  5:45  Shield Battery  
  58  5:48  Gateway  
  58  5:50  Adept  
  60  6:04  Robotics Facility  
  60  6:06  Pylon  
  60  6:07  Pylon  
  60  6:09  Adept  
  60  6:18  Probe  
  60  6:19  Probe  
  60  6:22  Adept x2  
  60  6:23  Adept x2  
  70  6:27  Pylon  
  70  6:28  Probe, Pylon  
  70  6:31  Probe x2, Gateway  
  73  6:37  Dark Templar  
  75  6:40  Probe  
  75  6:43  Probe x2  
  75  6:44  Stalker  
  80  6:52  Probe  
  81  6:55  Probe x2  
  81  6:56  Assimilator  
  83  7:04  Probe  
  83  7:07  Probe x2  
  72  7:29  Zealot  
  72  7:30  Dark Templar x5  
  72  7:32  Probe x2  
  72  7:34  Charge  
  78  7:37  Robotics Bay  
  78  7:41  Forge  
  78  7:42  Forge  
  76  7:44  Warp Prism  
  76  7:48  Archon x2  
  78  7:51  Probe x2  
  78  7:52  Probe  
  78  7:55  Adept  
  78  7:56  Assimilator  
  83  8:04  Protoss Ground Weapons Level 1 (Chrono Boost), Protoss Ground Armor Level 1 (Chrono Boost)  
  83  8:10  Zealot  
  83  8:11  Zealot x2  
  83  8:12  Dark Templar  
  91  8:13  Zealot  
  91  8:19  Pylon  
  93  8:21  Gateway  
  93  8:22  Extended Thermal Lance (Chrono Boost)  
  93  8:23  Colossus (Chrono Boost)  
  99  8:31  Probe x2  
  101  8:40  Zealot x4  
  101  8:41  Zealot  
  109  8:43  Nexus  
  109  8:45  Pylon  
  109  8:50  Dark Templar  
  111  9:03  Zealot x4  
  111  9:04  Zealot  
  121  9:11  Warp Prism (Chrono Boost)  
  121  9:15  Probe x2  
  121  9:16  Probe  
  126  9:19  Shield Battery  
  126  9:20  Dark Templar  
  128  9:25  Assimilator  
  128  9:27  Probe x2, Assimilator  
  128  9:28  Probe  
  131  9:39  Probe  
  131  9:43  Pylon  
  132  9:45  Pylon  
  132  9:47  Pylon  
  132  9:49  Pylon  
  132  9:50  Pylon  
  132  9:52  Colossus (Chrono Boost), Pylon  
  132  9:57  Zealot x3  
  142  10:08  Stalker  
  142  10:09  Zealot  
  142  10:10  Zealot x2  
  148  10:23  Protoss Ground Weapons Level 2 (Chrono Boost), Protoss Ground Armor Level 2 (Chrono Boost), Robotics Facility  
  148  10:26  Shadow Stride  
  148  10:29  Probe x2  
  148  10:31  Probe x2  
  152  10:36  Templar Archives  
  152  10:38  Colossus  
  152  10:41  Probe  
  159  10:47  Zealot  
  161  10:54  Probe  
  162  10:57  Psionic Storm  
  162  10:59  Photon Cannon  
  162  11:01  Photon Cannon  
  162  11:03  Photon Cannon  
  162  11:08  Pylon  
  162  11:16  Probe  
  162  11:17  Probe x2  
  163  11:20  High Templar x2  
  163  11:21  High Templar, Zealot x2  
  163  11:22  Zealot x2  
  173  11:32  Gateway  
  171  11:35  Gateway  
  171  11:36  Colossus x2 (Chrono Boost)  
  171  11:37  Gateway  
  183  11:40  Gateway  
  183  11:42  Gateway  
  183  11:49  High Templar x4  
  191  11:55  Stalker  
  191  11:56  Stalker x2  
  197  12:06  Probe x2  
  199  12:14  Nexus  
  199  12:16  Pylon  
  199  12:19  Pylon  
  199  12:32  Photon Cannon  
  199  12:35  Photon Cannon  
  199  12:36  Photon Cannon  
  199  12:38  Photon Cannon  
  199  12:40  Photon Cannon  
  199  12:42  Photon Cannon  
  199  12:44  Photon Cannon  
  195  12:45  Shield Battery  
  195  12:47  Shield Battery  
  195  12:49  Pylon  
  183  12:52  Photon Cannon  
  183  12:53  Photon Cannon  
  183  12:55  Observer (Chrono Boost)  
  180  13:11  Warp Prism (Chrono Boost)  
  180  13:12  Observer (Chrono Boost)  
  183  13:16  Gravitic Boosters  
  183  13:24  Probe x2  
  183  13:27  Protoss Ground Weapons Level 3 (Chrono Boost), Protoss Ground Armor Level 3 (Chrono Boost)  
  185  13:33  Shield Battery  
  185  13:35  Probe, Shield Battery  
  185  13:36  Probe x2  
  185  13:37  Zealot x3  
  185  13:39  Assimilator  
  194  13:43  Assimilator  
  194  13:46  Photon Cannon  
  172  13:54  Archon  
  135  14:02  Zealot  
  135  14:03  Zealot x6  
  135  14:09  Zealot x4  
  151  14:10  Zealot  
  146  14:25  Zealot x2  
  146  14:27  Zealot x2  
  146  14:28  Zealot, Colossus x2 (Chrono Boost)  
  149  14:35  Photon Cannon  
  137  14:38  Photon Cannon  
  137  14:39  Dark Templar, Zealot x4  
  137  14:40  Zealot x2  
  143  14:47  Dark Templar x4  
  143  14:48  High Templar  
  153  14:59  Fleet Beacon  
  153  15:02  Stargate  
  153  15:03  Stargate  
  153  15:06  Pylon  
  153  15:08  Zealot x2  
  153  15:09  Zealot x2, Pylon  
  153  15:12  Colossus (Chrono Boost)  
  161  15:19  High Templar x3  
  161  15:20  High Templar x2  
  177  15:23  High Templar x2  
  177  15:26  Stalker  
  183  15:29  Stalker  
  186  15:36  Observer  
  185  15:49  Stalker x4  
  193  16:02  Zealot x3  
  195  16:22  Warp Prism  
  195  16:23  Warp Prism  
  186  16:31  Stalker x4  
  186  16:32  Stalker x3  
  106  17:11  High Templar x3  
  106  17:12  High Templar x6  
  106  17:13  High Templar, Carrier x2 (Chrono Boost)  
  106  17:14  Carrier (Chrono Boost)  
  112  17:18  Stargate  
  112  17:22  Stargate x2  
  122  17:40  Stalker x2  
  122  17:44  Dark Templar x2  
  128  17:45  Dark Templar x2  
  128  17:47  Protoss Air Weapons Level 1 (Chrono Boost)  
  126  18:03  Carrier (Chrono Boost)  
  126  18:04  Carrier (Chrono Boost)  
  132  18:05  Carrier (Chrono Boost)  
  138  18:13  Dark Templar  
  138  18:21  Dark Templar  
  138  18:22  Dark Templar  
  138  18:25  Zealot  
  144  18:27  Dark Templar  
  135  18:42  Carrier (Chrono Boost)  
  141  18:59  Nexus  
  141  19:03  Pylon  
  134  19:36  High Templar  
  134  19:37  High Templar x4  
  136  19:38  Archon  
  136  19:39  Archon  
  130  19:48  Photon Cannon  
  130  19:57  Archon  
  130  19:58  Archon x2  
  130  20:18  Photon Cannon, Probe, Shield Battery  
  130  20:19  Shield Battery, Probe  
  128  20:33  Pylon  
Show
View Real Time Build Order
Export as new Build Order

Ciggy Zerg - Winner!

Build Orders: Hatch First, Lurkers 

Get SALT Encoding   

  12  0:00  Drone  
  13  0:12  Overlord  
  13  0:18  Drone  
  14  0:31  Drone  
  14  0:32  Drone  
  16  1:01  Hatchery  
  15  1:04  Drone  
  15  1:05  Drone  
  15  1:07  Extractor  
  16  1:22  Spawning Pool  
  16  1:24  Drone x2  
  17  1:31  Drone  
  18  1:37  Drone  
  19  1:48  Overlord  
  19  2:13  Queen  
  19  2:14  Queen  
  19  2:15  Zergling x6  
  25  2:17  Metabolic Boost  
  26  2:25  Drone  
  26  2:26  Drone  
  28  2:43  Drone x3  
  31  2:55  Hatchery  
  30  3:05  Drone x3  
  31  3:06  Drone  
  31  3:07  Queen  
  36  3:16  Overlord  
  36  3:20  Overlord  
  35  3:27  Zergling x2  
  35  3:29  Overlord  
  35  3:41  Spore Crawler  
  34  3:42  Spore Crawler  
  34  3:45  Drone x5  
  34  3:46  Drone x2  
  40  3:52  Zergling x4  
  42  4:03  Drone x2  
  42  4:07  Queen  
  46  4:33  Lair  
  46  4:35  Drone x6  
  46  4:38  Extractor  
  50  4:45  Zergling x2  
  48  4:46  Zergling x18  
  57  5:02  Extractor  
  56  5:08  Drone x2  
  56  5:09  Drone x5  
  62  5:23  Drone  
  62  5:24  Drone x2  
  62  5:25  Overlord x3  
  65  5:33  Drone  
  65  5:34  Overlord  
  64  5:40  Drone  
  65  5:49  Drone x3  
  68  5:50  Drone  
  68  5:56  Extractor  
  68  5:58  Evolution Chamber  
  68  5:59  Evolution Chamber  
  68  6:00  Hydralisk Den  
  68  6:02  Drone x6  
  68  6:22  Zergling x6  
  68  6:23  Zergling x6  
  72  6:28  Zerg Missile Weapons Level 1, Zerg Ground Armor Level 1  
  72  6:34  Drone x6  
  72  6:36  Spore Crawler  
  77  6:40  Spine Crawler  
  77  6:44  Overlord x2  
  77  6:46  Queen x3  
  80  6:49  Hydralisk x2  
  80  6:50  Hydralisk, Hatchery  
  80  6:51  Hatchery  
  86  7:08  Extractor x2, Drone x2  
  86  7:10  Grooved Spines  
  82  7:18  Zergling x20  
  85  7:31  Hydralisk x2  
  85  7:32  Hydralisk  
  86  7:40  Hydralisk  
  86  7:41  Hydralisk x4  
  96  8:00  Drone x3  
  96  8:01  Drone x3  
  96  8:03  Drone  
  96  8:05  Overlord x3  
  103  8:06  Overlord  
  103  8:07  Muscular Augments  
  103  8:10  Drone  
  103  8:12  Hydralisk x2  
  108  8:22  Zerg Missile Weapons Level 2  
  108  8:24  Zerg Ground Armor Level 2  
  108  8:32  Drone x4  
  108  8:33  Drone x10  
  122  8:35  Zergling x4  
  122  8:36  Zergling x2  
  125  8:45  Unknown  
  122  8:50  Hydralisk  
  122  8:51  Hydralisk x6  
  135  8:58  Pneumatized Carapace  
  135  9:10  Lurker Den  
  134  9:17  Spore Crawler  
  134  9:18  Drone x8  
  134  9:19  Spine Crawler x2  
  134  9:20  Spine Crawler  
  134  9:21  Drone x10  
  134  9:23  Overseer  
  134  9:24  Overseer x3  
  148  9:34  Overseer  
  148  9:48  Hydralisk  
  148  9:49  Hydralisk x3  
  149  10:14  Drone  
  149  10:18  Extractor  
  149  10:20  Extractor  
  148  10:23  Infestation Pit, Hydralisk  
  148  10:28  Overlord x4  
  149  10:29  Overlord  
  149  10:41  Spore Crawler  
  148  10:43  Spine Crawler  
  148  10:45  Zergling x4  
  148  10:46  Zergling x2  
  148  10:48  Hydralisk x6  
  162  10:51  Hydralisk x2  
  166  11:06  Hive  
  166  11:08  Zerg Melee Weapons Level 1  
  166  11:32  Spine Crawler  
  164  11:33  Drone x5, Spine Crawler, Overlord  
  164  11:34  Overlord  
  164  11:35  Spore Crawler, Lurker x3  
  164  11:36  Lurker x6  
  176  11:40  Overlord x2  
  176  11:42  Zergling x6  
  176  11:43  Zergling x22  
  190  11:51  Queen x3  
  196  11:56  Spore Crawler  
  196  11:57  Spine Crawler  
  194  12:06  Hydralisk x3  
  200  12:32  Adrenal Glands  
  200  12:33  Zerg Missile Weapons Level 3  
  175  12:58  Hydralisk x6, Zergling x2  
  170  12:59  Zergling x14, Hydralisk x5  
  170  13:00  Zergling x4  
  170  13:02  Zerg Ground Armor Level 3  
  196  13:44  Zergling x18  
  149  13:59  Zergling x2  
  149  14:00  Zergling x50  
  149  14:01  Zergling x10  
  144  14:06  Queen  
  144  14:07  Queen x4  
  144  14:25  Hydralisk x12  
  144  14:26  Hydralisk x5  
  157  14:32  Drone x6  
  155  14:42  Queen  
  155  14:46  Hydralisk  
  155  14:47  Hydralisk x8  
  173  14:54  Spire  
  173  14:56  Spine Crawler  
  173  14:57  Spore Crawler  
  173  14:58  Spine Crawler x3  
  173  14:59  Spine Crawler  
  166  15:09  Zergling x12  
  166  15:10  Zergling x18, Zerg Melee Weapons Level 2  
  166  15:13  Lurker  
  166  15:14  Lurker x8  
  187  15:37  Hatchery  
  185  16:05  Corruptor x7  
  148  16:36  Zergling x20  
  148  16:37  Zergling x36  
  156  16:47  Zergling x8  
  156  16:52  Zergling x6  
  141  17:15  Hatchery  
  140  17:24  Hatchery  
  139  17:31  Hydralisk x14  
  167  17:38  Hatchery  
  167  17:41  Adaptive Talons  
  167  17:42  Zerg Melee Weapons Level 3  
  166  17:45  Ultralisk Cavern  
  166  17:49  Hatchery  
  152  18:05  Lurker x2  
  150  18:06  Lurker x12  
  140  18:36  Zergling x14  
  140  18:37  Zergling x14  
  140  18:38  Seismic Spines  
  149  18:49  Overseer  
  149  18:50  Chitinous Plating  
  149  18:51  Hydralisk x5  
  149  18:52  Hydralisk  
  155  19:16  Corruptor x11  
  165  19:32  Corruptor  
  149  20:01  Zergling x10  
  149  20:02  Zergling x20  
  149  20:04  Extractor  
  149  20:06  Extractor  
  162  20:10  Extractor  
  162  20:12  Extractor  
  160  20:29  Spore Crawler  
  160  20:31  Spore Crawler  
  147  20:37  Spore Crawler  
Tags
 
Add a new tag
Caveats
  • Supply blocks, unpowered buildings, or Contaminate may cause inaccurate times.
  • Supply counts are checked every 10 seconds.